 Dungeon Sprint DCSS version 0.17-a0-1411-g06ff558 (webtiles) character file.

1721 joy the Unseen (level 8, 0/52 HPs)
             Began as a Vampire Enchanter on June 23, 2015.
             Was an Initiate of Kikubaaqudgha.
             Slain by a blue devil (7 damage)
             ... summoned by a kobold demonologist
             ... in the Dungeon (Sprint I: "Red Sonja").
             The game lasted 00:04:52 (4715 turns).

joy the Unseen (Vampire Enchanter)                  Turns: 4715, Time: 00:04:52

Health: 0/52       AC:  3    Str:  7    XL:     8   Next: 75%
Magic:  18/20      EV: 14    Int: 19    God:    Kikubaaqudgha [......]
Gold:   621        SH:  0    Dex: 15    Spells: 3 memorised, 17 levels left

rFire  . . .     SeeInvis +     a - +1 dagger
rCold  + + .     Clarity  .     b - +1 robe
rNeg   + + +     SustAt   .     (no shield)
rPois  +         Gourm    .     (no helmet)
rElec  .         Spirit   .     (no cloak)
rCorr  .         Warding  .     (no gloves)
rMut   .         NoTele   +     (no boots)
MR     .....                    (no amulet)
Stlth  ++++++++..               (no ring)
                                (no ring)

@: regenerating slowly, not resistant to hostile enchantments, extraordinarily
stealthy
A: fangs 3, see invisible, unbreathing
a: Bat Form, Renounce Religion


You were in the Dungeon.
You worshipped Kikubaaqudgha.
Kikubaaqudgha was noncommittal.
You were near bloodless.

You visited 1 branch You collected 621 gold pieces.

Inventory:

Hand weapons
 a - a +1 dagger (weapon)
 k - a +0 blowgun
 l - a +0 dagger of distortion
Missiles
 m - 5 curare-tipped needles
Armour
 b - a +1 robe (worn)
Magical devices
 d - a wand of invisibility (4)
Scrolls
 j - a scroll of blinking
 n - a scroll of identify {unknown}
Potions
 e - a potion of curing
 f - a potion of heal wounds
 g - a potion of haste
 h - 2 potions of magic
 i - a potion of berserk rage
Books
 c - a book of Maledictions

   Spells                             Type                      Level
   a - Corona                         Hexes                        1
   b - Ensorcelled Hibernation        Hexes/Ice                    2
   c - Confuse                        Hexes                        3
   d - Tukima's Dance                 Hexes                        3
   e - Dazzling Spray                 Conjuration/Hexes            3


   Skills:
 + Level 7.1 Short Blades
 - Level 4.3 Dodging
 * Level 16.9 Stealth
 - Level 8.3 Spellcasting
 - Level 14.2 Hexes
 - Level 4.9 Ice Magic


You had 17 spell levels left.
You knew the following spells:

 Your Spells              Type           Power        Failure   Level  Hunger
a - Corona                Hex            ######.      1%          1    None
b - Ensorcelled Hibernat  Hex/Ice        #####.       1%          2    None
c - Confuse               Hex            ######..     1%          3    None


Dungeon Overview and Level Annotations

Branches:
Dungeon (1/1)

Altars:
Cheibriados
Dithmenos
Elyvilon
Fedhas
Gozag
Kikubaaqudgha
Makhleb
Nemelex Xobeh
Okawaru
Qazlal
Ru
Sif Muna
Trog
Vehumet
Xom
Yredelemnul
Zin
The Shining One
Jiyva

Shops:
D ((


Innate Abilities, Weirdness & Mutations

You heal slowly.
You have razor-sharp teeth.
You have supernaturally acute eyesight.
You can survive without breathing.


Message History

Okay, then.
The kobold demonologist hits you with a dagger.
The giant eyeball gazes at you.
You suddenly lose the ability to move!
The orange demon stings you from afar.
The kobold demonologist hits you but does no damage.
The kobold demonologist hits the giant eyeball with a dagger of draining.
The kobold demonologist drains the giant eyeball!
The blue devil hits you!! The orange demon stings you from afar.
The kobold demonologist gestures wildly while chanting.
The kobold demonologist barely misses the kobold demonologist.
The blue devil hits you.
* * * LOW HITPOINT WARNING * * *
The orange demon stings you from afar!
* * * LOW HITPOINT WARNING * * *
You can move again.
There is an open door here.
Unknown command.
The blue devil hits you!
You die...
Kikubaaqudgha rasps: "You have failed me!
Welcome... oblivion!"

######################
..'..#.)'..#__#.4K.45#
).#.)'..#..'..'.@#KG5#
####'#####'#__####4..+
###..#...#)####§(#####
__####..##(#≈§§§
_..__##'#..+≈§§
_.∩...'..._#
_..._##_.#'#
_____###'#.#
########.####+###


You could see an orange demon, a kobold demonologist, a blue devil and a crimson
imp.

Vanquished Creatures
  Sonja (D)
  A deep troll (D)
  A slime creature (D)
  Sigmund (D)
  A yak (D)
  An ogre (D)
  A jelly (D)
  Ijyb (D)
8 creatures vanquished.

Vanquished Creatures (others)
  A gargoyle (D)
1 creature vanquished.

Grand Total: 9 creatures vanquished

Notes
Turn   | Place    | Note
--------------------------------------------------------------
     0 | D        | joy the Vampire Enchanter began the quest for the Orb.
     0 | D        | Reached XP level 1. HP: 13/13 MP: 3/3
   226 | D        | Killed a gargoyle
  2467 | D        | Noticed Ijyb
  2499 | D        | Killed Ijyb
  2499 | D        | Reached skill level 8 in Stealth
  2499 | D        | Reached XP level 2. HP: 2/19 MP: 5/5
  2503 | D        | Noticed an ogre
  2506 | D        | Killed an ogre
  2506 | D        | Reached skill level 11 in Stealth
  2506 | D        | Reached XP level 3. HP: 5/24 MP: 6/6
  2506 | D        | Reached XP level 4. HP: 6/30 MP: 7/7
  3982 | D        | Noticed Sigmund
  3985 | D        | Killed Sigmund
  3985 | D        | Reached skill level 10 in Hexes
  3985 | D        | Reached XP level 5. HP: 35/35 MP: 8/12
  3985 | D        | Reached XP level 6. HP: 41/41 MP: 8/13
  3992 | D        | Learned a level 2 spell: Ensorcelled Hibernation
  3996 | D        | Learned a level 3 spell: Confuse
  4006 | D        | Found a deep blue altar of Sif Muna.
  4007 | D        | Noticed a jelly
  4008 | D        | Found a radiant altar of Vehumet.
  4012 | D        | Killed a jelly
  4012 | D        | Reached skill level 5 in Spellcasting
  4012 | D        | Reached skill level 1 in Ice Magic
  4032 | D        | Noticed Sonja
  4036 | D        | Killed Sonja
  4036 | D        | Reached skill level 14 in Hexes
  4036 | D        | Reached XP level 7. HP: 46/46 MP: 13/18
  4054 | D        | Found Geiwo's Antique Weapon Emporium.
  4054 | D        | Found a white marble altar of Elyvilon.
  4054 | D        | Found a burning altar of Makhleb.
  4054 | D        | Found a sacrificial altar of Ru.
  4054 | D        | Found a glowing golden altar of the Shining One.
  4054 | D        | Found an opulent altar of Gozag.
  4054 | D        | Found a glowing silver altar of Zin.
  4054 | D        | Noticed a yak
  4055 | D        | Found a stormy altar of Qazlal.
  4055 | D        | Found a basalt altar of Yredelemnul.
  4055 | D        | Found an iron altar of Okawaru.
  4055 | D        | Found a sparkling altar of Nemelex Xobeh.
  4055 | D        | Found a shimmering altar of Xom.
  4055 | D        | Found an ancient bone altar of Kikubaaqudgha.
  4056 | D        | Killed a yak
  4056 | D        | Reached XP level 8. HP: 52/52 MP: 17/20
  4057 | D        | Found a bloodstained altar of Trog.
  4063 | D        | Became a worshipper of Kikubaaqudgha
  4076 | D        | Found a viscous altar of Jiyva.
  4076 | D        | Found a blossoming altar of Fedhas.
  4076 | D        | Noticed a slime creature
  4077 | D        | Found a snail-covered altar of Cheibriados.
  4077 | D        | Found a shadowy altar of Dithmenos.
  4099 | D        | Killed a slime creature
  4635 | D        | Found Istiv's Weapon Boutique.
  4655 | D        | Noticed a deep troll
  4659 | D        | Killed a deep troll
  4659 | D        | Reached skill level 16 in Stealth
  4702 | D        | Noticed a kobold demonologist
  4706 | D        | Noticed a kobold demonologist
  4708 | D        | Noticed a blue devil
  4712 | D        | Noticed an orange demon
  4712 | D        | Noticed a blue devil
  4712 | D        | Paralysed by a giant eyeball for 3 turns
  4715 | D        | Slain by a blue devil

Vault maps used:
D:        dungeon_sprint_1

Action                   |  1- 3 |  4- 6 |  7- 9 || total
-------------------------+-------+-------+-------++-------
Melee: Dagger            |    32 |     3 |     8 ||    43
 Cast: Confuse           |       |       |     6 ||     6
 Stab: Sleeping          |     1 |     3 |     2 ||     6
       Confused          |       |       |     2 ||     2
  Eat: Corpse            |       |     1 |     1 ||     2
